AoeStats
← bumbsbomba74

Oasis

510164853Analyzed
4v4 RM · 2d ago on Sep 29, 2026· 22m 21s· 8 players
Game mode
Random Map
Map size
Large (8 player)
Population
200
Speed
Normal
Resources
Standard
Victory
Conquest
Starting age
Dark Age
Ending age
Imperial Age
RankedLock teamsTeams togetherTeam positionsShared explorationLock speedFull tech treeHidden civsTurbo modeCheats
Victory
Defeat
🇩🇪 Magyars · Germany
1341
+12
🇩🇪 Italians · Germany
1283
+14
🇺🇸 Maya · United States
1236
+16
🇮🇳 Berbers · India
1213
+18
🇩🇪 Hindustanis · Germany
1266
-15
🇩🇪 Celts · Germany
1260
-16
🇫🇷 Ethiopians · France
1243
-15
🇩🇪 Sicilians · Germany
1218
-14
Birkules
7:55 Loom
9:41 Feudal Age
18:29 Castle Age
17:18 Double-Bit Axe
18:30 Horse Collar
19:33 Bloodlines
bumbsbomba74
6:11 Loom
8:43 Feudal Age
9:21 Horse Collar
9:27 Double-Bit Axe
17:02 Castle Age
anat03
7:06 Loom
10:07 Feudal Age
11:05 Double-Bit Axe
11:23 Gold Mining
14:23 Wheelbarrow
15:09 Fletching
Tada
10:47 Feudal Age
11:40 Double-Bit Axe
14:41 Castle Age
15:42 Bow Saw
15:24 Loom
16:26 Fletching
w h i z.
7:15 Loom
9:46 Feudal Age
10:52 Double-Bit Axe
12:13 Fletching
19:53 Castle Age
18:58 Gold Mining
19:56 Crossbowman
20:32 Bodkin Arrow
20:53 Bow Saw
20:36 Horse Collar
danntheman
6:07 Loom
9:00 Feudal Age
9:59 Double-Bit Axe
13:30 Bloodlines
15:28 Wheelbarrow
15:32 Scale Barding Armor
20:57 Castle Age
19:28 Horse Collar
20:05 Gold Mining
21:00 Light Cavalry
22:06 Chain Barding Armor
22:17 Husbandry
Frion
0:32 Loom
11:49 Feudal Age
14:07 Fletching
18:06 Castle Age
16:49 Double-Bit Axe
18:07 Crossbowman
21:15 Bodkin Arrow
AztecKiller2427
9:29 Feudal Age
8:44 Loom
10:01 Double-Bit Axe
11:45 Scale Barding Armor
12:37 Wheelbarrow
19:03 Castle Age
17:21 Horse Collar
19:09 Bloodlines
19:07 Scale Barding Armor
19:12 Forging
19:06 Light Cavalry
19:47 Husbandry
22:59 Chain Barding Armor
Connection lost

Rejoining the realm…

Still unreachable

The connection could not be restored.

Session expired

The server has moved on; the page needs a fresh start.